 Dungeon Crawl Stone Soup version 0.31.0-9-g3a7656b989 (webtiles) character file.

Game seed: 14131992204861394511

123 qw the Skirmisher (level 4, -1/25 HPs)
             Began as a Deep Elf Hunter on Feb 2, 2024.
             Slain by an orc
             ... wielding a +0 club
              (3 damage)
             ... on level 3 of the Dungeon.
             The game lasted 00:00:09 (2271 turns).

qw the Skirmisher (Deep Elf Hunter)                 Turns: 2271, Time: 00:00:10

Health: -1/25      AC:  8    Str: 10    XL:     4   Next: 80%
Magic:  6/6        EV: 11    Int: 14    God:
Gold:   129        SH:  0    Dex: 18    Spells: 3/3 levels left

rFire   + . .        a - +0 shortbow (heavy)
rCold   . . .        (shield currently unavailable)
rNeg    . . .        i - +0 ring mail
rPois   .            (no helmet)
rElec   .            j - +0 cloak
rCorr   .            (no gloves)
SInv    .            g - +1 pair of boots
Will    .....        (no amulet)
Stlth   +            b - ring of protection from fire
HPRegen 0.24/turn    (no ring)
MPRegen 0.10/turn

%: no passive effects
@: no status effects
A: no striking features
a: no special abilities


You were on level 3 of the Dungeon.
You visited 1 branch of the dungeon, and saw 4 of its levels.

You collected 129 gold pieces.


   Skills:
 - Level 1.5 Fighting
 + Level 8.2 Ranged Weapons
 - Level 2.4 Dodging
 - Level 1.2 Stealth


You had 3 spell levels left.
You didn't know any spells.
Your spell library was empty.

Inventory:

Hand Weapons
 a - a +0 heavy shortbow (weapon)
Armour
 g - a +1 pair of boots (worn)
 i - a +0 ring mail (worn)
 j - a +0 cloak (worn)
Jewellery
 b - a ring of protection from fire (left hand)
Potions
 c - a potion of enlightenment
 d - 2 potions of resistance
 e - 3 potions of curing
 f - a potion of magic {unknown}

Dungeon Overview and Level Annotations

Branches:
Dungeon (4/15)
 Temple: D:4-7

Altars:
Dithmenos
Qazlal

Annotations:
D:3 1 runed translucent door, Crazy Yiuf


Message History

You shoot an arrow. The arrow closely misses the orc.
The quokka bites you. The orc hits you with a +0 dagger.
The orc hits you but does no damage. The endoplasm closely misses you.
The quokka bites you.
You shoot an arrow. The arrow hits the orc.
The orc is lightly wounded.
The orc hits you but does no damage.
The endoplasm hits you but does no damage.
The orc closely misses you. The quokka barely misses you.
The orc barely misses you. The endoplasm closely misses you.
The orc hits you with a +0 dagger. The quokka barely misses you.
You shoot an arrow. The arrow barely misses the orc.
The quokka barely misses you. The orc hits you but does no damage. x2
The endoplasm barely misses you. The quokka barely misses you.
The orc barely misses you. The endoplasm freezes you.
You are frozen.
The orc hits you but does no damage.
You shoot an arrow. The arrow hits the orc!!
You kill the orc!
The quokka closely misses you. The endoplasm freezes you.
You are frozen.
The orc closely misses you. The quokka closely misses you.
You shoot an arrow. The arrow completely misses the orc.
The endoplasm barely misses you. The orc closely misses you.
The quokka bites you.
The endoplasm hits you but does no damage.
The orc barely misses you.
The quokka bites you but does no damage.
You shoot an arrow. The arrow hits the orc.
The orc is lightly wounded.
The quokka completely misses you. The orc hits you with a +0 club.
The endoplasm freezes you.
You are frozen.
The orc hits you with a +0 club. The quokka misses you.
The endoplasm freezes you.
You are frozen.
You shoot an arrow. The arrow barely misses the orc.
The quokka barely misses you.
The endoplasm hits you but does no damage.
The orc hits you with a +0 club.
You die...

.....###.#.....#)####.#.#.# #.##.
.###.# #.#............#.#.# #.##.
.# #.###.####..####.#.#.#.# #.##.
.# #.##.................#.###.###
.###.##..######.##..#...#........
.#.......# #.##.##...#..##.###
.#######.# #.##.##.######### .#
#.######J#).##.# #
.#######.......[@r###.# ##### #
......^.........o)# #.# #..)# #
########...##.....# #.# #...# #
#..........##.....# #.# .g. #
#.######..###.....# #.# #+# # #.#
#....#.....# #.# 77.7 #
#.######..#.#)....###.#


7g77 # #.#...................# 77r7 # #.#.####..#.#.######### 7.77 # You could
see an orc, an endoplasm and a quokka.

Vanquished Creatures
  An orc wizard (D:3)
  2 adders (D:2)
  2 dart slugs
  10 orcs (D:3)
  9 ball pythons
  3 bats
  6 endoplasms
  2 giant cockroaches (D:1)
  4 goblins
  3 hobgoblins
  8 kobolds
  5 quokkas
  3 frilled lizards
  5 rats
63 creatures vanquished.

Notes
Turn   | Place    | Note
-------+----------+-------------------------------------------
     0 | D:1      | qw the Deep Elf Hunter began the quest for the Orb.
     0 | D:1      | Reached XP level 1. HP: 12/12 MP: 3/3
     0 | D:1      | 0 ||| qw: Version: 0.3-a-155-g5e7d8dd
     0 | D:1      | 0 ||| qw: Game counter: 817
     0 | D:1      | 0 ||| qw: Melee chars always use a shield: true
     0 | D:1      | 0 ||| qw: God list: Okawaru
     0 | D:1      | 0 ||| qw: Allow faded altars: false
     0 | D:1      | 0 ||| qw: Do Orc after clearing Dungeon:15 true
     0 | D:1      | 0 ||| qw: Do second Lair branch before Depths: true
     0 | D:1      | 0 ||| qw: Lair rune preference: random
     0 | D:1      | 0 ||| qw: Goals: Normal
     0 | D:1      | 0 ||| PLANNING D:1-11
    44 | D:1      | Reached skill level 6 in Ranged Weapons
    44 | D:1      | Reached XP level 2. HP: 16/16 MP: 4/4
   290 | D:1      | 290 ||| DROPPING +2 sling of flaming.
   561 | D:1      | 561 ||| UPGRADING to +0 pair of boots.
   566 | D:1      | 566 ||| UPGRADING to +1 pair of boots.
   576 | D:1      | 576 ||| DROPPING +0 pair of boots.
   577 | D:1      | 577 ||| UPGRADING to +0 ring mail.
   587 | D:1      | 587 ||| DROPPING +0 leather armour.
   588 | D:1      | 588 ||| READING scroll labelled DEHYZA UTROATOGI.
   588 | D:1      | 588 ||| BRANDING +0 shortbow.
   589 | D:1      | 589 ||| READING 2 scrolls labelled ZUOGI YGOEWK.
   589 | D:1      | 589 ||| IDENTIFYING 3 white potions
   590 | D:1      | 590 ||| DROPPING scroll of butterflies.
   739 | D:2      | Reached XP level 3. HP: 20/20 MP: 5/5
   905 | D:2      | Found a shadowy altar of Dithmenos.
   912 | D:2      | Reached skill level 7 in Ranged Weapons
  1216 | D:2      | 1216 ||| UPGRADING to +0 cloak.
  1221 | D:2      | 1221 ||| UPGRADING to ring of protection from fire.
  1222 | D:2      | 1222 ||| READING 3 scrolls of identify.
  1222 | D:2      | 1222 ||| IDENTIFYING fuming orange potion
  1223 | D:2      | 1223 ||| READING 2 scrolls of identify.
  1223 | D:2      | 1223 ||| IDENTIFYING scroll labelled DISMITOSHE
  1224 | D:2      | 1224 ||| READING scroll of identify.
  1224 | D:2      | 1224 ||| IDENTIFYING 2 scrolls labelled ODOZETT LOMAUF
  1225 | D:2      | 1225 ||| DROPPING scroll of immolation.
  1226 | D:2      | 1226 ||| DROPPING 2 scrolls of revelation.
  1271 | D:3      | Reached XP level 4. HP: 25/25 MP: 6/6
  1297 | D:3      | 1297 ||| RETREEEEATING.
  1300 | D:3      | 1300 ||| RETREEEEATING.
  1301 | D:3      | 1301 ||| RETREEEEATING.
  1302 | D:3      | 1302 ||| RETREEEEATING.
  1309 | D:3      | Reached skill level 8 in Ranged Weapons
  1438 | D:3      | Found a stormy altar of Qazlal.
  1609 | D:3      | Found a runed translucent door.
  1610 | D:3      | Noticed Crazy Yiuf
  2217 | D:3      | 2217 ||| READING scroll of identify.
  2217 | D:3      | 2217 ||| IDENTIFYING lumpy brown potion
  2218 | D:3      | 2218 ||| READING scroll labelled NYTSAD FYGIZU.
  2254 | D:4      | 2254 ||| STAIRDANCE
  2262 | D:4      | 2262 ||| STAIRDANCE
  2270 | D:3      | HP: 6/25 [frozen (3)]
  2270 | D:3      | HP: 2/25 [orc/+0 club (4)]
  2271 | D:3      | Slain by an orc

Levels and vault maps discovered:
D:1:      wander_arrival_fairy_ring, layout_rooms, serial_bayou_lake_a
D:2:      layout_rooms, basic_altar, interstate_on_off, minmay_heptomino_d4
D:3:      layout_basic, old_standard_altar, uniq_crazy_yiuf_cottage
D:4:      layout_loops_ring, grunt_ministairs_1, serial_park_tiny_1

Skill      XL: |  1  2  3  4 |
---------------+-------------+-----
Ranged Weapons | 6 7 8 |  8.2
Fighting       | |  1.5
Dodging        | |  2.4
Stealth        | |  1.2

Action                     |  1- 3 |  4- 6 || total
---------------------------+-------+-------++-------
   Fire: Shortbow          |   100 |    45 ||   145
    Use: Scroll            |     5 |     2 ||     7
 Armour: Leather armour    |    10 |       ||    10
         Ring mail         |    31 |    34 ||    65
  Dodge: Dodged            |    37 |    43 ||    80

Table legend:
 A = Non-vault XP
 B = Vault XP
 C = Vault XP percentage of total XP
 D = Non-vault monster count
 E = Vault monster count
 F = Vault count percentage of total count
                 A         B        C        D         E       F
            +---------+---------+-------+---------+---------+-------
      Total |     153 |      24 |  13.6 |      57 |       6 |   9.5
            +---------+---------+-------+---------+---------+-------
        D:1 |      35 |       0 |   0.0 |      19 |       0 |   0.0
        D:2 |      42 |      15 |  26.3 |      19 |       3 |  13.6
        D:3 |      76 |       9 |  10.6 |      19 |       3 |  13.6
            +---------+---------+-------+---------+---------+-------
